 Dungeon Crawl Stone Soup version 0.31-a0-986-g5e6e4ef867 (webtiles) character file.

Game seed: 593759215436135155

87 promet the Sneak (level 4, 0/34 HPs)
             Began as a Spriggan Brigand on Nov 5, 2023.
             Engulfed by a steam dragon's steam (9 damage)
             ... on level 3 of the Dungeon on Nov 6, 2023.
             The game lasted 00:11:43 (2934 turns).

promet the Sneak (Spriggan Brigand)                 Turns: 2934, Time: 00:11:44

Health: 0/34       AC: 22    Str:  9    XL:     4   Next: 28%
Magic:  5/5        EV:  4    Int: 12    God:
Gold:   119        SH:  0    Dex: 16    Spells: 3/3 levels left

rFire   . . .        a - +0 rapier
rCold   . . .        (no shield)
rNeg    . . .        b - melded +0 robe
rPois   +            (helmet currently unavailable)
rElec   .            c - melded +2 cloak
rCorr   .            (gloves unavailable)
SInv    +            (boots unavailable)
Will    +....        (no amulet)
Stlth   ++++         (no ring)
HPRegen 0.00/turn    (no ring)
MPRegen 0.09/turn

%: no passive effects
@: tree-form, inhibited regen, invisible
A: stationary, stasis, torment immunity, boosted hp, very small, no large
weapons, unfitting armour, see invisible, (speed 3), strong-willed 1, inhibited
regeneration, subdued magic 1
a: no special abilities


You were on level 3 of the Dungeon.
You were a tree.
You visited 1 branch of the dungeon, and saw 3 of its levels.

You collected 133 gold pieces.
You spent 14 gold pieces at shops.

Inventory:

Hand Weapons
 a - a +0 rapier (weapon)
 g - a +0 sling
 h - a +0 mace
 m - a +0 spear
 r - a +2 dagger
Missiles
 d - 19 poisoned darts
 e - 3 curare-tipped darts
 f - 29 stones
 i - 5 boomerangs (quivered)
Armour
 b - a +0 robe (melded)
 c - a +2 cloak (melded)
Scrolls
 k - a scroll of teleportation
Potions
 o - a potion of curing
 q - a potion of lignification


   Skills:
 * Level 1.9 Fighting
 + Level 2.9 Short Blades
 + Level 2.1 Throwing
 + Level 1.8 Dodging
 + Level 7.8 Stealth


You had 3 spell levels left.
You didn't know any spells.
Your spell library contained the following spells:

 Spells                   Type           Power      Damage    Failure   Level
 Freeze                   Ice            0%         1d3       28%         1
 Kiss of Death            Conj/Necr      0%         2d5       28%         1
 Ensorcelled Hibernation  Hex/Ice        0%         N/A       41%         2
 Passwall                 Tmut/Erth      0%         N/A       41%         2
 Confusing Touch          Hex            0%         N/A       65%         3
 Frozen Ramparts          Ice            0%         1d1       65%         3
 Hailstorm                Conj/Ice       0%         3d3       65%         3
 Swiftness                Air            0%         N/A       65%         3
 Dispel Undead            Necr           0%         3d6       96%         4


Dungeon Overview and Level Annotations

Branches:
Dungeon (3/15)

Altars:
Ru

Shops:
D:3 *


Innate Abilities, Weirdness & Mutations

You are a tree.
Your roots penetrate the ground, keeping you stationary.
You cannot be teleported.
You are immune to unholy pain and torment.
Your maximum health is greatly increased.
Your equipment is partially melded.
You are very small and have problems with some larger weapons.
You are too small for most types of armour.
You have supernaturally acute eyesight. (SInv)
((You cover ground extremely quickly. (Speed+++)))
You are strong-willed. (Will+)
You do not regenerate when monsters are visible.
Your spells are a little easier to cast, but a little less powerful.


Message History

You now have 119 gold pieces (gained 5).
You see here a +0 spear.
q - 2 fizzy coppery potions (gained 1)
d - 19 poisoned darts (gained 5)
A steam dragon comes into view.
You see here 9 gold pieces.
The steam dragon bites you but does no damage.
The steam dragon barely misses you.
You barely miss the steam dragon. The steam dragon closely misses you.
The steam dragon claws you.
You barely miss the steam dragon. The steam dragon closely misses you.
The steam dragon claws you.
You hit the steam dragon but do no damage.
The steam dragon bites you but does no damage.
The steam dragon claws you.
It was a potion of lignification.
You turn into a tree.
Your +2 cloak melds into your body.
Your +0 robe melds into your body.
Your roots penetrate the ground.
The steam dragon bites you but does no damage.
The steam dragon claws you but does no damage.
It was a potion of invisibility.
You fade into invisibility!
The steam dragon breathes steam at you. The ball of steam hits you!
You are too injured to fight recklessly!
You cannot move.
You cannot move.
You hit the steam dragon but do no damage.
You are engulfed in a cloud of scalding steam.
* * * LOW HITPOINT WARNING * * *
You cannot move.
You barely miss the steam dragon.
You are engulfed in a cloud of scalding steam.
The steam dragon bites you but does no damage.
The steam dragon claws you but does no damage.
You strike the helpless steam dragon from behind!
You puncture the steam dragon!
The steam dragon is moderately wounded.
You are engulfed in a cloud of scalding steam.
You die...

#.# #.# #.# #.#
########## #.###
###.§.D....#
#...###...§.♣....#
#####...<......§.....#
.......).............#
.....................#
..............########
#####......$§.+
#.........#
#####.........#
....#.#...........


You could see a steam dragon (unable to see you).

Vanquished Creatures
  2 adders (D:2)
  2 worms (D:2)
  3 dart slugs (D:1)
  2 orcs (D:2)
  5 endoplasms
  2 giant cockroaches
  5 goblins
  6 hobgoblins
  4 jackals
  7 kobolds
  2 quokkas
  5 ball pythons
  2 bats (D:1)
  A frilled lizard (D:2)
  3 rats
51 creatures vanquished.

Notes
Turn   | Place    | Note
-------+----------+-------------------------------------------
     0 | D:1      | promet the Spriggan Brigand began the quest for the Orb.
     0 | D:1      | Reached XP level 1. HP: 10/10 MP: 2/2
    17 | D:1      | Reached skill level 6 in Stealth
   125 | D:1      | Reached XP level 2. HP: 14/14 MP: 3/3
   837 | D:1      | Reached skill level 7 in Stealth
   992 | D:1      | Reached XP level 3. HP: 18/18 MP: 4/4
  1871 | D:2      | Reached XP level 4. HP: 22/23 MP: 5/5
  2590 | D:3      | Found Tigguget's General Store.
  2594 | D:3      | Bought a potion of degeneration for 14 gold pieces
  2679 | D:3      | Found a sacrificial altar of Ru.
  2690 | D:3      | Gained mutation: You do not regenerate when monsters are
                  | visible. [potion of mutation]
  2690 | D:3      | Gained mutation: Your spells are a little easier to cast,
                  | but a little less powerful. [potion of mutation]
  2690 | D:3      | Gained mutation: You are strong-willed. (Will+) [potion of
                  | mutation]
  2919 | D:3      | Noticed a steam dragon
  2934 | D:3      | Engulfed by a steam dragon's steam

Illustrated notes

Levels and vault maps discovered:
D:1:      dpeg_arrival_rooms_b, layout_loops_ring, serial_forest,
          infiniplex_forest_lined_1, infiniplex_forest_end_3,
          infiniplex_forest_end_1, infiniplex_forest_zigzag_1,
          infiniplex_forest_end_1
D:2:      layout_rooms
D:3:      layout_basic, okawaru_altar_gauntlet_db,
          nicolae_ru_sacrificial_ziggurat, serial_shops,
          nicolae_shop_behind_doors

Skill      XL: |  1  2 |
---------------+-------+-----
Stealth        | 6 7 |  7.8
Fighting       | |  1.9
Short Blades   | |  2.9
Throwing       | |  2.1
Dodging        | |  1.8

Action                     |  1- 3 |  4- 6 || total
---------------------------+-------+-------++-------
  Melee: Dagger            |   105 |    10 ||   115
         Punch             |     1 |       ||     1
         Rapier            |       |    18 ||    18
  Throw: Dart              |     5 |       ||     5
         Boomerang         |       |     4 ||     4
    Use: Scroll            |     1 |     8 ||     9
         Potion            |       |     6 ||     6
   Stab: Sleeping          |    16 |     4 ||    20
         Invisible         |       |     1 ||     1
 Armour: Robe              |    17 |     9 ||    26
         Skin              |       |     8 ||     8
  Dodge: Dodged            |    67 |    13 ||    80

Table legend: (Time is in decaauts)
 A = Elapsed time spent in this place.
 B = Non-inter-level travel time spent in this place.
 C = Inter-level travel time spent in this place.
 D = Time resting spent in this place.
 E = Time spent auto-exploring this place.
 F = Levels seen in this place.
 G = Mean time per level.
                   A        B        C        D        E       F      G
               +--------+--------+--------+--------+--------+-----+--------+
         Total |   2135 |   2122 |     13 |    677 |    800 |   3 |  711.7 |
       Dungeon |   2135 |   2122 |     13 |    677 |    800 |   3 |  711.7 |
               +--------+--------+--------+--------+--------+-----+--------+

Top non-repeatable levels by time:
     D:1: 1097 daAuts
     D:2: 621 daAuts
     D:3: 417 daAuts
